Map: Ulrena

Players

lesha

  • Race: Terran Terran
  • League: Silver

HCGreyfox - Winner!

  • Race: Protoss Protoss
  • League: Gold

VOD

Have the link to the VOD?

Description

Time

  • Played on: Jan. 2, 2016, 10:14 a.m.
  • Length: 5:31
Show
View Real Time Build Order
Export as new Build Order

lesha Terran 

Build Orders: Reaper Expand 

Get SALT Encoding   

  12  0:01  SCV  
  13  0:13  SCV  
  14  0:18  Supply Depot  
  14  0:25  SCV  
  15  0:40  SCV  
  15  0:42  Barracks  
  16  0:46  Refinery  
  16  0:52  SCV  
  17  1:04  SCV  
  18  1:16  SCV  
  19  1:28  Orbital Command  
  19  1:30  Reaper  
  20  1:47  Command Center  
  20  1:59  SCV  
  21  2:03  Bunker  
  21  2:11  Barracks Reactor  
  21  2:27  Barracks  
  21  2:28  SCV  
  22  2:30  Factory  
  22  2:40  SCV  
  23  2:51  Supply Depot  
  23  2:52  Refinery  
  23  2:55  SCV  
  23  2:56  Supply Depot  
  23  2:58  Marine  
  23  3:04  Marine  
  25  3:08  Orbital Command  
  25  3:10  SCV  
  26  3:18  Factory Tech Lab, Barracks Reactor  
  26  3:21  Marine  
  26  3:22  SCV  
  28  3:27  Marine  
  29  3:36  SCV  
  29  3:37  Barracks  
  29  3:39  SCV  
  31  3:43  Marine  
  32  3:51  Siege Tank  
  35  3:58  SCV x2  
  35  4:00  Marine x3  
  40  4:11  Engineering Bay  
  40  4:12  Marine  
  41  4:17  Marine  
  41  4:18  Marine x2  
  40  4:32  Marine x2  
  40  4:35  Marine  
  40  4:36  Marine  
  38  4:39  Marine  
  38  4:44  Siege Tank  
  37  4:50  Marine  
  38  4:57  Marine  
  35  5:03  Marine x2  
  36  5:08  Marine  
Show
View Real Time Build Order
Export as new Build Order

HCGreyfox Protoss - Winner!

Build Orders:  

Get SALT Encoding   

  12  0:00  Probe (Chrono Boost)  
  13  0:11  Probe (Chrono Boost)  
  14  0:18  Pylon  
  14  0:22  Probe (Chrono Boost)  
  15  0:37  Probe (Chrono Boost), Gateway  
  16  0:47  Probe (Chrono Boost)  
  17  0:51  Assimilator  
  17  0:58  Probe (Chrono Boost)  
  17  1:01  Pylon  
  18  1:08  Probe (Chrono Boost)  
  19  1:19  Probe (Chrono Boost)  
  19  1:23  Pylon  
  20  1:27  Cybernetics Core  
  20  1:30  Zealot  
  22  1:36  Assimilator  
  22  1:49  Gateway  
  22  1:52  Probe (Chrono Boost)  
  23  1:57  Zealot  
  25  2:03  Warp Gate (Chrono Boost)  
  25  2:10  Gateway  
  25  2:20  Pylon  
  25  2:25  Adept (Chrono Boost)  
  27  2:41  Mothership Core  
  27  3:01  Stalker (Chrono Boost)  
  27  3:02  Probe  
  27  3:03  Stalker (Chrono Boost)  
  34  3:06  Sentry (Chrono Boost)  
  34  3:14  Probe  
  35  3:28  Zealot  
  35  3:30  Sentry  
  35  3:31  Zealot  
  41  3:36  Probe  
  41  3:40  Pylon  
  42  4:06  Stalker  
  42  4:07  Stalker x2  
  40  4:37  Stalker x3  
  42  5:04  Stalker  
  42  5:05  Stalker x2  
Tags
 
Add a new tag
Caveats
  • Supply blocks, unpowered buildings, or Contaminate may cause inaccurate times.
  • Supply counts are checked every 10 seconds.